Bruins vs Canadiens

Created - April 24 2012 at 18:18

Goals
1 2 3 T
Bruins 2 0 1 3
Canadiens 0 0 1 1
Shots
1 2 3 T
Bruins 16 6 18 40
Canadiens 8 12 9 29

Period #1

1. Bruins , Tobias Enstrom 4 (Chris Kunitz, Zdeno Chara) at 7:05 (PP)
2. Bruins , Chris Kunitz 1 (Ales Hemsky, David Krejci) at 10:23 (PP)

Penalties :
Dustin Byfuglien (MTL) for Interference (Minor) at 0:42, Rob Scuderi (MTL) for Slashing (Minor) at 1:01, Evander Kane (BOS) for Holding (Minor) at 3:25, Manny Malhotra (MTL) for Holding (Minor) at 5:34, Travis Hamonic (MTL) for Elbowing (Minor) at 10:08, Henrik Tallinder (MTL) for Diving (Minor) at 10:53

Period #2

No Goal

Penalties :
Travis Hamonic (MTL) for Tripping (Minor) at 1:00, Tyler Seguin (BOS) for Roughing (Minor) at 7:24, Evander Kane (BOS) for Cross-checking (Minor) at 14:14, Adam McQuaid (BOS) for Hooking (Minor) at 18:35, Zdeno Chara (BOS) for Hooking (Minor) at 18:50

Period #3

3. Canadiens , Manny Malhotra 3 (Ville Leino, Mason Raymond) at 15:00
4. Bruins , Jordan Leopold 4 (Chris Kunitz, David Krejci) at 16:54

Penalties :
Brandon Dubinsky (MTL) for Holding (Minor) at 4:04, Jordan Eberle (MTL) for Hooking (Minor) at 18:02

Goalie Stats

Cam Ward (BOS), 28 saves from 29 shots - (0.966), W, 6-1-0, 60:00 minutes
Jonas Hiller (MTL), 37 saves from 40 shots - (0.925), L, 5-1-0, 60:00 minutes

Players Stats

Bruins
Player Name              G  A  P  +/- PIM S  H  SB FO    MP 
------------------------------------------------------------
Adam McQuaid             0  0  0   0  2   0  1  3  0/0   14 
Ales Hemsky              0  1  1   0  0   3  0  0  0/2   19 
Brad Marchand            0  0  0   0  0   4  1  0  0/0   13 
Chris Kelly              0  0  0   0  0   0  2  0  5/12  10 
Chris Kunitz             1  2  3   0  0   7  2  0  1/1   19 
David Krejci             0  2  2   0  0   4  0  0  16/34 22 
Dennis Seidenberg        0  0  0   0  0   1  3  2  0/0   25 
Derick Brassard          0  0  0   0  0   1  0  0  5/11  10 
Evander Kane             0  0  0   0  4   1  1  0  0/0   10 
Jordan Leopold           1  0  1   0  0   5  3  0  0/0   19 
Milan Lucic              0  0  0   0  0   6  0  0  0/1   17 
Nathan Horton            0  0  0   0  0   0  2  0  0/0   13 
Patrice Bergeron         0  0  0   0  0   1  0  0  13/22 11 
Rich Peverley            0  0  0   0  0   0  2  0  0/0   10 
Tobias Enstrom           1  0  1   0  0   5  2  1  0/0   20 
Tyler Seguin             0  0  0   0  2   0  1  0  3/11  16 
Zach Bogosian            0  0  0   0  0   0  1  2  0/0   16 
Zdeno Chara              0  1  1   0  2   2  0  3  0/0   25 
Canadiens
Player Name              G  A  P  +/- PIM S  H  SB FO    MP 
------------------------------------------------------------
Andrei Kostitsyn         0  0  0   0  0   1  0  0  0/1   17 
Brandon Dubinsky         0  0  0   0  2   3  4  1  3/5   21 
Dennis Wideman           0  0  0   0  0   4  0  1  0/0   18 
Derek Morris             0  0  0   0  0   0  1  1  0/0   9  
Dominic Moore            0  0  0   0  0   0  1  0  0/0   9  
Dustin Byfuglien         0  0  0   0  2   3  0  1  0/0   18 
Henrik Tallinder         0  0  0   0  2   0  1  0  0/0   16 
Jakub Voracek            0  0  0   0  0   0  0  0  0/0   1  
Jonathan Toews           0  0  0   0  0   3  2  0  18/35 21 
Jordan Eberle            0  0  0   0  2   0  1  0  0/1   19 
Logan Couture            0  0  0   0  0   2  1  0  0/1   16 
Manny Malhotra           1  0  1   0  2   2  4  1  15/21 19 
Mason Raymond            0  1  1   0  0   0  0  1  0/2   11 
Pavel Datsyuk            0  0  0   0  0   3  1  0  15/28 21 
Rob Scuderi              0  0  0   0  2   1  0  4  0/0   20 
Tom Poti                 0  0  0   0  0   5  0  1  0/0   21 
Travis Hamonic           0  0  0   0  4   2  2  0  0/0   17 
Ville Leino              0  1  1   0  0   0  0  0  0/0   11 

3 Stars

1 - Chris Kunitz (BOS)
2 - Cam Ward (BOS)
3 - Jordan Leopold (BOS)

Power Play

Bruins - 2 on 8 Attempt(s) - 25.00%
Canadiens - 0 on 5 Attempt(s) - 0.00%

Penalty Kill

Bruins - 5 on 5 Attempt(s) - 100.00% - Score 0 goal in Penalty Kill
Canadiens - 6 on 8 Attempt(s) - 75.00% - Score 0 goal in Penalty Kill

Game Notes

No Game Note

Finance

Level 1 -- Attendance: 6161 (94.78%) -- Ticket Income $616,100.00
Level 2 -- Attendance: 4437 (88.74%) -- Ticket Income $266,220.00
Level 3 -- Attendance: 3384 (96.69%) -- Ticket Income $118,440.00
Level 4 -- Attendance: 2986 (56.63%) -- Ticket Income $59,720.00
Luxury Box -- Attendance: 1000 (100.00%) -- Ticket Income $175,000.00
Game was played at the Bell Centre
Total Attendance: 17968 (84.46%)
Total Ticket Income: $1,247,725.00
Other Income: $374,317.54
Total Income: $1,622,043.00


Play by Play

Period #1

0:01 of 1st period - Patrice Bergeron wins face-off versus Jonathan Toews in neutral zone.
0:13 of 1st period - Dennis Wideman is hit by Dennis Seidenberg and loses puck.
0:16 of 1st period - Shot by Dustin Byfuglien.
0:16 of 1st period - Stopped by Cam Ward with a rebound.
0:18 of 1st period - Shot by Dennis Wideman.
0:18 of 1st period - Stopped by Cam Ward without a rebound.
0:19 of 1st period - David Krejci wins face-off versus Pavel Datsyuk in Bruins zone.
0:21 of 1st period - Icing by Ales Hemsky.
0:22 of 1st period - David Krejci wins face-off versus Pavel Datsyuk in Bruins zone.
0:26 of 1st period - Chris Kunitz is hit by Brandon Dubinsky and loses puck.
0:30 of 1st period - Jordan Leopold is hit by Pavel Datsyuk and loses puck.
0:37 of 1st period - Shot by Chris Kunitz.
0:37 of 1st period - Stopped by Jonas Hiller without a rebound.
0:38 of 1st period - Patrice Bergeron wins face-off versus Jonathan Toews in Canadiens zone.
0:39 of 1st period - Shot by Nathan Horton.
0:39 of 1st period - Shot Blocked by Dennis Wideman.
0:42 of 1st period - Minor Penalty to Dustin Byfuglien for Interference.
0:43 of 1st period - Manny Malhotra wins face-off versus Tyler Seguin in Canadiens zone.
0:54 of 1st period - Shot by Jordan Leopold.
0:54 of 1st period - Stopped by Jonas Hiller with a rebound.
0:56 of 1st period - Shot by Milan Lucic.
0:56 of 1st period - Stopped by Jonas Hiller without a rebound.
0:57 of 1st period - David Krejci wins face-off versus Manny Malhotra in Canadiens zone.
1:01 of 1st period - Minor Penalty to Rob Scuderi for Slashing.
1:02 of 1st period - Chris Kunitz wins face-off versus Manny Malhotra in Canadiens zone.
1:19 of 1st period - Shot by David Krejci.
1:19 of 1st period - Shot Misses the Net.
1:21 of 1st period - Shot by Chris Kunitz.
1:21 of 1st period - Shot Misses the Net.
1:23 of 1st period - Shot by Tobias Enstrom.
1:23 of 1st period - Stopped by Jonas Hiller without a rebound.
1:24 of 1st period - Manny Malhotra wins face-off versus Tyler Seguin in Canadiens zone.
1:24 of 1st period - Manny Malhotra is hit by Nathan Horton.
2:20 of 1st period - Shot by Tobias Enstrom.
2:20 of 1st period - Stopped by Jonas Hiller without a rebound.
2:21 of 1st period - Manny Malhotra wins face-off versus David Krejci in Canadiens zone.
2:27 of 1st period - Icing by Zdeno Chara.
2:28 of 1st period - Pavel Datsyuk wins face-off versus David Krejci in Bruins zone.
2:57 of 1st period - Off-side.
2:58 of 1st period - Jonathan Toews wins face-off versus Tyler Seguin in neutral zone.
3:04 of 1st period - Icing by Derick Brassard.
3:05 of 1st period - Manny Malhotra wins face-off versus Derick Brassard in Bruins zone.
3:09 of 1st period - Dominic Moore is hit by Zach Bogosian.
3:15 of 1st period - Zdeno Chara is hit by Manny Malhotra and loses puck.
3:25 of 1st period - Minor Penalty to Evander Kane for Holding.
3:26 of 1st period - Pavel Datsyuk wins face-off versus Patrice Bergeron in Bruins zone.
3:41 of 1st period - Shot by Tom Poti.
3:41 of 1st period - Stopped by Cam Ward without a rebound.
3:42 of 1st period - Patrice Bergeron wins face-off versus Jonathan Toews in Bruins zone.
3:51 of 1st period - Shot by Dustin Byfuglien.
3:51 of 1st period - Stopped by Cam Ward without a rebound.
3:52 of 1st period - Patrice Bergeron wins face-off versus Pavel Datsyuk in Bruins zone.
4:41 of 1st period - Icing by Jonathan Toews.
4:42 of 1st period - Patrice Bergeron wins face-off versus Jonathan Toews in Canadiens zone.
4:47 of 1st period - Shot by Milan Lucic.
4:47 of 1st period - Stopped by Jonas Hiller without a rebound.
4:48 of 1st period - Jonathan Toews wins face-off versus Patrice Bergeron in Canadiens zone.
4:55 of 1st period - Patrice Bergeron is hit by Logan Couture and loses puck.
5:14 of 1st period - Shot by Jonathan Toews.
5:14 of 1st period - Shot Blocked by Adam McQuaid.
5:16 of 1st period - Shot by Dustin Byfuglien.
5:16 of 1st period - Shot Misses the Net.
5:18 of 1st period - Shot by Dennis Wideman.
5:18 of 1st period - Stopped by Cam Ward without a rebound.
5:19 of 1st period - Brandon Dubinsky wins face-off versus David Krejci in Bruins zone.
5:29 of 1st period - Off-side.
5:30 of 1st period - Manny Malhotra wins face-off versus David Krejci in neutral zone.
5:34 of 1st period - Minor Penalty to Manny Malhotra for Holding.
5:35 of 1st period - Tyler Seguin wins face-off versus Jonathan Toews in Canadiens zone.
5:40 of 1st period - Shot by Jordan Leopold.
5:40 of 1st period - Stopped by Jonas Hiller without a rebound.
5:41 of 1st period - Jonathan Toews wins face-off versus Tyler Seguin in Canadiens zone.
5:53 of 1st period - Icing by Jordan Leopold.
5:54 of 1st period - Jonathan Toews wins face-off versus Tyler Seguin in Bruins zone.
6:10 of 1st period - Shot by Jordan Leopold.
6:10 of 1st period - Shot Blocked by Rob Scuderi.
7:05 of 1st period - Shot by Tobias Enstrom.
7:05 of 1st period - Goal by Tobias Enstrom - Bruins : 1 - Canadiens : 0.
7:06 of 1st period - Jonathan Toews wins face-off versus Derick Brassard in neutral zone.
7:39 of 1st period - Shot by Logan Couture.
7:39 of 1st period - Stopped by Cam Ward without a rebound.
7:40 of 1st period - Chris Kelly wins face-off versus Pavel Datsyuk in Bruins zone.
7:40 of 1st period - Chris Kelly is hit by Brandon Dubinsky.
7:45 of 1st period - Dennis Seidenberg is hit by Travis Hamonic and loses puck.
8:35 of 1st period - Icing by Henrik Tallinder.
8:36 of 1st period - David Krejci wins face-off versus Mason Raymond in Canadiens zone.
8:39 of 1st period - Shot by Chris Kunitz.
8:39 of 1st period - Stopped by Jonas Hiller without a rebound.
8:40 of 1st period - Manny Malhotra wins face-off versus David Krejci in Canadiens zone.
9:02 of 1st period - Shot by Ales Hemsky.
9:02 of 1st period - Shot Blocked by Derek Morris.
9:22 of 1st period - Off-side.
9:23 of 1st period - Derick Brassard wins face-off versus Jonathan Toews in neutral zone.
9:44 of 1st period - Shot by Brad Marchand.
9:44 of 1st period - Stopped by Jonas Hiller without a rebound.
9:45 of 1st period - Patrice Bergeron wins face-off versus Pavel Datsyuk in Canadiens zone.
10:07 of 1st period - Milan Lucic is hit by Travis Hamonic and loses puck.
10:08 of 1st period - Minor Penalty to Travis Hamonic for Elbowing.
10:09 of 1st period - David Krejci wins face-off versus Jonathan Toews in Canadiens zone.
10:23 of 1st period - Shot by Chris Kunitz.
10:23 of 1st period - Goal by Chris Kunitz - Bruins : 2 - Canadiens : 0.
10:24 of 1st period - Manny Malhotra wins face-off versus Chris Kelly in neutral zone.
10:37 of 1st period - Manny Malhotra is hit by Chris Kelly and loses puck.
10:47 of 1st period - Chris Kelly is hit by Henrik Tallinder and loses puck.
10:53 of 1st period - Minor Penalty to Henrik Tallinder for Diving.
10:54 of 1st period - David Krejci wins face-off versus Jonathan Toews in Canadiens zone.
10:57 of 1st period - Shot by Chris Kunitz.
10:57 of 1st period - Stopped by Jonas Hiller with a rebound.
11:45 of 1st period - Shot by Nathan Horton.
11:45 of 1st period - Shot Blocked by Rob Scuderi.
11:47 of 1st period - Shot by Jordan Leopold.
11:47 of 1st period - Shot Blocked by Brandon Dubinsky.
11:49 of 1st period - Shot by Milan Lucic.
11:49 of 1st period - Stopped by Jonas Hiller without a rebound.
11:50 of 1st period - Jonathan Toews wins face-off versus Tyler Seguin in Canadiens zone.
12:11 of 1st period - Shot by Nathan Horton.
12:11 of 1st period - Shot Misses the Net.
12:13 of 1st period - Shot by Jordan Leopold.
12:13 of 1st period - Stopped by Jonas Hiller with a rebound.
12:17 of 1st period - Shot by Jordan Leopold.
12:17 of 1st period - Shot Blocked by Tom Poti.
12:35 of 1st period - Shot by Tobias Enstrom.
12:35 of 1st period - Stopped by Jonas Hiller without a rebound.
12:36 of 1st period - Manny Malhotra wins face-off versus David Krejci in Canadiens zone.
12:57 of 1st period - Shot by Logan Couture.
12:57 of 1st period - Stopped by Cam Ward with a rebound.
12:59 of 1st period - Shot by Jordan Eberle.
12:59 of 1st period - Shot Misses the Net.
13:13 of 1st period - Shot by Logan Couture.
13:13 of 1st period - Shot Hit the Post.
15:38 of 1st period - Shot by Jonathan Toews.
15:38 of 1st period - Stopped by Cam Ward without a rebound.
15:39 of 1st period - Chris Kelly wins face-off versus Andrei Kostitsyn in Bruins zone.
15:39 of 1st period - Chris Kelly is hit by Brandon Dubinsky.
16:02 of 1st period - Icing by Travis Hamonic.
16:03 of 1st period - Brandon Dubinsky wins face-off versus Patrice Bergeron in Canadiens zone.
16:42 of 1st period - Jordan Eberle is hit by Jordan Leopold and loses puck.
17:10 of 1st period - Shot by Ales Hemsky.
17:10 of 1st period - Stopped by Jonas Hiller without a rebound.
17:11 of 1st period - Jonathan Toews wins face-off versus Chris Kelly in Canadiens zone.
17:28 of 1st period - Shot by Jonathan Toews.
17:28 of 1st period - Shot Misses the Net.
19:00 of 1st period - Patrice Bergeron is hit by Manny Malhotra and loses puck.
19:51 of 1st period - Icing by Zdeno Chara.
19:52 of 1st period - Patrice Bergeron wins face-off versus Mason Raymond in Bruins zone.
19:52 of 1st period - Patrice Bergeron is hit by Dominic Moore.

Period #2

0:01 of 2nd period - Jonathan Toews wins face-off versus Patrice Bergeron in neutral zone.
0:14 of 2nd period - Shot by Patrice Bergeron.
0:14 of 2nd period - Deflect By Milan Lucic.
0:14 of 2nd period - Stopped by Jonas Hiller without a rebound.
0:15 of 2nd period - Pavel Datsyuk wins face-off versus David Krejci in Canadiens zone.
0:15 of 2nd period - Pavel Datsyuk is hit by Chris Kunitz.
0:26 of 2nd period - Andrei Kostitsyn is hit by Tobias Enstrom and loses puck.
1:00 of 2nd period - Minor Penalty to Travis Hamonic for Tripping.
1:01 of 2nd period - Tyler Seguin wins face-off versus Brandon Dubinsky in Canadiens zone.
2:41 of 2nd period - Shot by Tyler Seguin.
2:41 of 2nd period - Shot Blocked by Rob Scuderi.
3:26 of 2nd period - Shot by Pavel Datsyuk.
3:26 of 2nd period - Stopped by Cam Ward without a rebound.
3:27 of 2nd period - Chris Kelly wins face-off versus Manny Malhotra in Bruins zone.
3:32 of 2nd period - Rob Scuderi is hit by Rich Peverley and loses puck.
3:45 of 2nd period - Shot by Rich Peverley.
3:45 of 2nd period - Shot Blocked by Rob Scuderi.
3:49 of 2nd period - Shot by Chris Kelly.
3:49 of 2nd period - Shot Misses the Net.
3:55 of 2nd period - Shot by Brad Marchand.
3:55 of 2nd period - Stopped by Jonas Hiller without a rebound.
3:56 of 2nd period - David Krejci wins face-off versus Jordan Eberle in Canadiens zone.
3:59 of 2nd period - Shot by David Krejci.
3:59 of 2nd period - Stopped by Jonas Hiller without a rebound.
4:00 of 2nd period - Pavel Datsyuk wins face-off versus David Krejci in Canadiens zone.
4:00 of 2nd period - Pavel Datsyuk is hit by Chris Kunitz.
4:07 of 2nd period - Brandon Dubinsky is hit by Jordan Leopold and loses puck.
5:02 of 2nd period - Jonathan Toews is hit by Jordan Leopold and loses puck.
5:09 of 2nd period - Shot by Jonathan Toews.
5:09 of 2nd period - Deflect By Logan Couture.
5:09 of 2nd period - Shot Misses the Net.
5:11 of 2nd period - Shot by Jordan Eberle.
5:11 of 2nd period - Shot Misses the Net.
5:18 of 2nd period - Icing by Tobias Enstrom.
5:19 of 2nd period - David Krejci wins face-off versus Manny Malhotra in Bruins zone.
5:42 of 2nd period - Shot by Manny Malhotra.
5:42 of 2nd period - Shot Blocked by Zach Bogosian.
6:09 of 2nd period - Shot by Brad Marchand.
6:09 of 2nd period - Shot Blocked by Mason Raymond.
6:17 of 2nd period - Brad Marchand is hit by Manny Malhotra and loses puck.
6:32 of 2nd period - Jordan Eberle is hit by Evander Kane.
7:05 of 2nd period - Logan Couture is hit by Adam McQuaid.
7:19 of 2nd period - Shot by Pavel Datsyuk.
7:19 of 2nd period - Shot Misses the Net.
7:24 of 2nd period - Minor Penalty to Tyler Seguin for Roughing.
7:25 of 2nd period - Patrice Bergeron wins face-off versus Pavel Datsyuk in Bruins zone.
7:42 of 2nd period - Shot by Pavel Datsyuk.
7:42 of 2nd period - Stopped by Cam Ward without a rebound.
7:43 of 2nd period - Brandon Dubinsky wins face-off versus Patrice Bergeron in Bruins zone.
7:44 of 2nd period - Shot by Pavel Datsyuk.
7:44 of 2nd period - Shot Misses the Net.
8:43 of 2nd period - Shot by Dustin Byfuglien.
8:43 of 2nd period - Stopped by Cam Ward without a rebound.
8:44 of 2nd period - Patrice Bergeron wins face-off versus Jonathan Toews in Bruins zone.
8:56 of 2nd period - Icing by Jordan Eberle.
8:57 of 2nd period - Jonathan Toews wins face-off versus David Krejci in Canadiens zone.
9:04 of 2nd period - Shot by Dennis Wideman.
9:04 of 2nd period - Stopped by Cam Ward without a rebound.
9:05 of 2nd period - Pavel Datsyuk wins face-off versus Patrice Bergeron in Bruins zone.
9:20 of 2nd period - Shot by Travis Hamonic.
9:20 of 2nd period - Shot Blocked by Zdeno Chara.
9:22 of 2nd period - Shot by Brandon Dubinsky.
9:22 of 2nd period - Stopped by Cam Ward without a rebound.
9:23 of 2nd period - Jonathan Toews wins face-off versus David Krejci in Bruins zone.
9:28 of 2nd period - Shot by Ville Leino.
9:28 of 2nd period - Shot Misses the Net.
9:42 of 2nd period - Shot by Ales Hemsky.
9:42 of 2nd period - Stopped by Jonas Hiller without a rebound.
9:43 of 2nd period - Manny Malhotra wins face-off versus Chris Kelly in Canadiens zone.
9:43 of 2nd period - Manny Malhotra is hit by Tyler Seguin.
9:49 of 2nd period - Dennis Seidenberg is hit by Jordan Eberle and loses puck.
9:54 of 2nd period - Shot by Dominic Moore.
9:54 of 2nd period - Shot Misses the Net.
9:58 of 2nd period - Shot by Dominic Moore.
9:58 of 2nd period - Shot Misses the Net.
10:21 of 2nd period - Icing by Dennis Seidenberg.
10:22 of 2nd period - Chris Kelly wins face-off versus Pavel Datsyuk in Bruins zone.
10:49 of 2nd period - Shot by Pavel Datsyuk.
10:49 of 2nd period - Shot Blocked by Zdeno Chara.
10:51 of 2nd period - Shot by Travis Hamonic.
10:51 of 2nd period - Stopped by Cam Ward without a rebound.
10:52 of 2nd period - Jonathan Toews wins face-off versus David Krejci in Bruins zone.
10:55 of 2nd period - Shot by Logan Couture.
10:55 of 2nd period - Shot Misses the Net.
10:57 of 2nd period - Shot by Dennis Wideman.
10:57 of 2nd period - Shot Misses the Net.
11:05 of 2nd period - Shot by Jonathan Toews.
11:05 of 2nd period - Stopped by Cam Ward without a rebound.
11:06 of 2nd period - Patrice Bergeron wins face-off versus Manny Malhotra in Bruins zone.
12:04 of 2nd period - Shot by Chris Kunitz.
12:04 of 2nd period - Stopped by Jonas Hiller without a rebound.
12:05 of 2nd period - Derick Brassard wins face-off versus Brandon Dubinsky in Canadiens zone.
12:25 of 2nd period - Shot by Tom Poti.
12:25 of 2nd period - Stopped by Cam Ward without a rebound.
12:26 of 2nd period - David Krejci wins face-off versus Jonathan Toews in Bruins zone.
12:45 of 2nd period - Chris Kunitz is hit by Jonathan Toews and loses puck.
13:21 of 2nd period - Dustin Byfuglien is hit by Dennis Seidenberg and loses puck.
14:07 of 2nd period - Jonathan Toews is hit by Brad Marchand and loses puck.
14:13 of 2nd period - Off-side.
14:14 of 2nd period - Pavel Datsyuk wins face-off versus Derick Brassard in neutral zone.
14:14 of 2nd period - Minor Penalty to Evander Kane for Cross-checking.
14:15 of 2nd period - Pavel Datsyuk wins face-off versus Patrice Bergeron in Bruins zone.
14:23 of 2nd period - Shot by Andrei Kostitsyn.
14:23 of 2nd period - Shot Misses the Net.
14:25 of 2nd period - Shot by Brandon Dubinsky.
14:25 of 2nd period - Shot Blocked by Adam McQuaid.
14:27 of 2nd period - Shot by Tom Poti.
14:27 of 2nd period - Stopped by Cam Ward without a rebound.
14:28 of 2nd period - David Krejci wins face-off versus Pavel Datsyuk in Bruins zone.
14:49 of 2nd period - Shot by Tom Poti.
14:49 of 2nd period - Stopped by Cam Ward without a rebound.
14:50 of 2nd period - Patrice Bergeron wins face-off versus Pavel Datsyuk in Bruins zone.
15:08 of 2nd period - Shot by Pavel Datsyuk.
15:08 of 2nd period - Shot Misses the Net.
15:10 of 2nd period - Shot by Travis Hamonic.
15:10 of 2nd period - Stopped by Cam Ward without a rebound.
15:11 of 2nd period - Pavel Datsyuk wins face-off versus David Krejci in Bruins zone.
15:16 of 2nd period - Shot by Brandon Dubinsky.
15:16 of 2nd period - Shot Misses the Net.
17:12 of 2nd period - Nathan Horton is hit by Manny Malhotra and loses puck.
17:23 of 2nd period - Rob Scuderi is hit by Nathan Horton and loses puck.
17:34 of 2nd period - Shot by Milan Lucic.
17:34 of 2nd period - Stopped by Jonas Hiller without a rebound.
17:35 of 2nd period - Jonathan Toews wins face-off versus Derick Brassard in Canadiens zone.
17:57 of 2nd period - Icing by Jordan Eberle.
17:58 of 2nd period - Jonathan Toews wins face-off versus Chris Kelly in Canadiens zone.
18:06 of 2nd period - Off-side.
18:07 of 2nd period - Pavel Datsyuk wins face-off versus Chris Kelly in neutral zone.
18:35 of 2nd period - Minor Penalty to Adam McQuaid for Hooking.
18:36 of 2nd period - Patrice Bergeron wins face-off versus Jonathan Toews in Bruins zone.
18:50 of 2nd period - Minor Penalty to Zdeno Chara for Hooking.
18:51 of 2nd period - Pavel Datsyuk wins face-off versus Tyler Seguin in Bruins zone.
18:52 of 2nd period - Shot by Andrei Kostitsyn.
18:52 of 2nd period - Stopped by Cam Ward without a rebound.
18:53 of 2nd period - David Krejci wins face-off versus Pavel Datsyuk in Bruins zone.
18:53 of 2nd period - David Krejci is hit by Brandon Dubinsky.

Period #3

0:01 of 3rd period - David Krejci wins face-off versus Jonathan Toews in neutral zone.
0:12 of 3rd period - Tobias Enstrom is hit by Jonathan Toews and loses puck.
0:24 of 3rd period - Logan Couture is hit by Dennis Seidenberg and loses puck.
0:35 of 3rd period - Shot by Dennis Wideman.
0:35 of 3rd period - Shot Misses the Net.
0:37 of 3rd period - Shot by Dennis Wideman.
0:37 of 3rd period - Stopped by Cam Ward without a rebound.
0:38 of 3rd period - Patrice Bergeron wins face-off versus Pavel Datsyuk in Bruins zone.
1:20 of 3rd period - Shot by Mason Raymond.
1:20 of 3rd period - Shot Hit the Post.
1:23 of 3rd period - Icing by Zdeno Chara.
1:24 of 3rd period - Derick Brassard wins face-off versus Pavel Datsyuk in Bruins zone.
2:21 of 3rd period - Shot by Chris Kunitz.
2:21 of 3rd period - Deflect By David Krejci.
2:21 of 3rd period - Shot Misses the Net.
4:04 of 3rd period - Minor Penalty to Brandon Dubinsky for Holding.
4:05 of 3rd period - David Krejci wins face-off versus Jonathan Toews in Canadiens zone.
4:30 of 3rd period - Shot by Zdeno Chara.
4:30 of 3rd period - Stopped by Jonas Hiller without a rebound.
4:31 of 3rd period - Manny Malhotra wins face-off versus Milan Lucic in Canadiens zone.
4:40 of 3rd period - Shot by Jordan Leopold.
4:40 of 3rd period - Shot Misses the Net.
4:42 of 3rd period - Shot by Milan Lucic.
4:42 of 3rd period - Shot Misses the Net.
4:46 of 3rd period - Shot by Milan Lucic.
4:46 of 3rd period - Stopped by Jonas Hiller without a rebound.
4:47 of 3rd period - David Krejci wins face-off versus Manny Malhotra in Canadiens zone.
5:01 of 3rd period - Shot by Chris Kunitz.
5:01 of 3rd period - Shot Misses the Net.
5:03 of 3rd period - Shot by Tobias Enstrom.
5:03 of 3rd period - Shot Misses the Net.
5:07 of 3rd period - Shot by Ales Hemsky.
5:07 of 3rd period - Stopped by Jonas Hiller without a rebound.
5:08 of 3rd period - Tyler Seguin wins face-off versus Jonathan Toews in Canadiens zone.
6:58 of 3rd period - Shot by Mason Raymond.
6:58 of 3rd period - Shot Blocked by Zdeno Chara.
7:00 of 3rd period - Shot by Ville Leino.
7:00 of 3rd period - Shot Misses the Net.
7:02 of 3rd period - Shot by Rob Scuderi.
7:02 of 3rd period - Stopped by Cam Ward without a rebound.
7:03 of 3rd period - Jonathan Toews wins face-off versus David Krejci in Bruins zone.
7:04 of 3rd period - Shot by Brandon Dubinsky.
7:04 of 3rd period - Stopped by Cam Ward without a rebound.
7:05 of 3rd period - David Krejci wins face-off versus Jonathan Toews in Bruins zone.
7:15 of 3rd period - Icing by Jordan Leopold.
7:16 of 3rd period - Manny Malhotra wins face-off versus David Krejci in Bruins zone.
8:03 of 3rd period - Rob Scuderi is hit by Rich Peverley.
9:01 of 3rd period - Shot by Brad Marchand.
9:01 of 3rd period - Stopped by Jonas Hiller without a rebound.
9:02 of 3rd period - Derick Brassard wins face-off versus Jonathan Toews in Canadiens zone.
9:07 of 3rd period - Shot by Derick Brassard.
9:07 of 3rd period - Stopped by Jonas Hiller without a rebound.
9:08 of 3rd period - David Krejci wins face-off versus Logan Couture in Canadiens zone.
9:09 of 3rd period - Shot by Chris Kunitz.
9:09 of 3rd period - Stopped by Jonas Hiller without a rebound.
9:10 of 3rd period - Jonathan Toews wins face-off versus Derick Brassard in Canadiens zone.
10:08 of 3rd period - Off-side.
10:09 of 3rd period - Pavel Datsyuk wins face-off versus Chris Kelly in neutral zone.
10:09 of 3rd period - Pavel Datsyuk is hit by Chris Kelly.
10:29 of 3rd period - Shot by Pavel Datsyuk.
10:29 of 3rd period - Shot Blocked by Dennis Seidenberg.
10:31 of 3rd period - Shot by Brandon Dubinsky.
10:31 of 3rd period - Stopped by Cam Ward without a rebound.
10:32 of 3rd period - Manny Malhotra wins face-off versus David Krejci in Bruins zone.
11:05 of 3rd period - Shot by Ales Hemsky.
11:05 of 3rd period - Deflect By David Krejci.
11:05 of 3rd period - Shot Misses the Net.
12:45 of 3rd period - Shot by Jordan Eberle.
12:45 of 3rd period - Shot Blocked by Zach Bogosian.
12:49 of 3rd period - Shot by Jonathan Toews.
12:49 of 3rd period - Stopped by Cam Ward without a rebound.
12:50 of 3rd period - Manny Malhotra wins face-off versus Ales Hemsky in Bruins zone.
13:21 of 3rd period - Shot by David Krejci.
13:21 of 3rd period - Stopped by Jonas Hiller with a rebound.
13:23 of 3rd period - Shot by Tobias Enstrom.
13:23 of 3rd period - Shot Hit the Post.
13:25 of 3rd period - Shot by Jordan Leopold.
13:25 of 3rd period - Shot Misses the Net.
13:27 of 3rd period - Shot by Chris Kunitz.
13:27 of 3rd period - Shot Misses the Net.
13:29 of 3rd period - Shot by David Krejci.
13:29 of 3rd period - Stopped by Jonas Hiller without a rebound.
13:30 of 3rd period - Pavel Datsyuk wins face-off versus Chris Kelly in Canadiens zone.
13:45 of 3rd period - Shot by Pavel Datsyuk.
13:45 of 3rd period - Stopped by Cam Ward without a rebound.
13:46 of 3rd period - Derick Brassard wins face-off versus Jonathan Toews in Bruins zone.
14:15 of 3rd period - Shot by Evander Kane.
14:15 of 3rd period - Stopped by Jonas Hiller without a rebound.
14:16 of 3rd period - Chris Kelly wins face-off versus Pavel Datsyuk in Canadiens zone.
14:36 of 3rd period - Shot by Pavel Datsyuk.
14:36 of 3rd period - Shot Blocked by Adam McQuaid.
14:38 of 3rd period - Shot by Pavel Datsyuk.
14:38 of 3rd period - Shot Misses the Net.
14:40 of 3rd period - Shot by Andrei Kostitsyn.
14:40 of 3rd period - Shot Misses the Net.
14:42 of 3rd period - Shot by Pavel Datsyuk.
14:42 of 3rd period - Shot Blocked by Dennis Seidenberg.
14:44 of 3rd period - Shot by Tom Poti.
14:44 of 3rd period - Stopped by Cam Ward without a rebound.
14:45 of 3rd period - Manny Malhotra wins face-off versus David Krejci in Bruins zone.
14:50 of 3rd period - Shot by Ville Leino.
14:50 of 3rd period - Shot Misses the Net.
14:52 of 3rd period - Shot by Manny Malhotra.
14:52 of 3rd period - Stopped by Cam Ward with a rebound.
14:54 of 3rd period - Shot by Manny Malhotra.
14:54 of 3rd period - Shot Misses the Net.
14:58 of 3rd period - Shot by Ville Leino.
14:58 of 3rd period - Shot Blocked by Tobias Enstrom.
15:00 of 3rd period - Shot by Manny Malhotra.
15:00 of 3rd period - Goal by Manny Malhotra - Bruins : 2 - Canadiens : 1.
15:01 of 3rd period - Jonathan Toews wins face-off versus David Krejci in neutral zone.
15:31 of 3rd period - Shot by Chris Kunitz.
15:31 of 3rd period - Stopped by Jonas Hiller without a rebound.
15:32 of 3rd period - Pavel Datsyuk wins face-off versus Patrice Bergeron in Canadiens zone.
15:39 of 3rd period - Shot by Patrice Bergeron.
15:39 of 3rd period - Stopped by Jonas Hiller without a rebound.
15:40 of 3rd period - Pavel Datsyuk wins face-off versus Derick Brassard in Canadiens zone.
15:51 of 3rd period - Shot by Brad Marchand.
15:51 of 3rd period - Stopped by Jonas Hiller without a rebound.
15:52 of 3rd period - Manny Malhotra wins face-off versus Patrice Bergeron in Canadiens zone.
16:48 of 3rd period - Shot by David Krejci.
16:48 of 3rd period - Shot Misses the Net.
16:52 of 3rd period - Shot by Chris Kunitz.
16:52 of 3rd period - Shot Misses the Net.
16:54 of 3rd period - Shot by Jordan Leopold.
16:54 of 3rd period - Goal by Jordan Leopold - Bruins : 3 - Canadiens : 1.
16:55 of 3rd period - Jonathan Toews wins face-off versus David Krejci in neutral zone.
16:57 of 3rd period - Jordan Eberle is hit by Tobias Enstrom and loses puck.
17:09 of 3rd period - Shot by Tobias Enstrom.
17:09 of 3rd period - Stopped by Jonas Hiller without a rebound.
17:10 of 3rd period - Pavel Datsyuk wins face-off versus Ales Hemsky in Canadiens zone.
18:02 of 3rd period - Minor Penalty to Jordan Eberle for Hooking.
18:03 of 3rd period - Jonathan Toews wins face-off versus Tyler Seguin in Canadiens zone.
18:19 of 3rd period - Milan Lucic is hit by Derek Morris and loses puck.
18:24 of 3rd period - Shot by Jordan Leopold.
18:24 of 3rd period - Stopped by Jonas Hiller with a rebound.
18:28 of 3rd period - Shot by Tyler Seguin.
18:28 of 3rd period - Shot Blocked by Dustin Byfuglien.
18:30 of 3rd period - Shot by Dennis Seidenberg.
18:30 of 3rd period - Stopped by Jonas Hiller with a rebound.
18:58 of 3rd period - Shot by Tobias Enstrom.
18:58 of 3rd period - Shot Misses the Net.
19:02 of 3rd period - Shot by David Krejci.
19:02 of 3rd period - Stopped by Jonas Hiller with a rebound.
19:04 of 3rd period - Shot by Zdeno Chara.
19:04 of 3rd period - Stopped by Jonas Hiller with a rebound.
19:06 of 3rd period - Shot by Chris Kunitz.
19:06 of 3rd period - Shot Misses the Net.
19:08 of 3rd period - Shot by Chris Kunitz.
19:08 of 3rd period - Shot Blocked by Manny Malhotra.
19:10 of 3rd period - Shot by Zdeno Chara.
19:10 of 3rd period - Shot Misses the Net.
19:40 of 3rd period - Shot by Derick Brassard.
19:40 of 3rd period - Shot Misses the Net.


Output by the SimonT Hockey Simulator (STHS) for Stephane Roy -- Original Page W3C XHTML 1.0 Valid